 Dungeon Crawl Stone Soup version 0.25-a0-992-gca090100c3 (webtiles) character file.

Game seed: 17570618807920022086, levelgen mode: deterministic

51 Flugslaktarn the Skirmisher (level 3, -3/33 HPs)
             Began as a Minotaur Fighter on May 10, 2020.
             Slain by Flugslaktarn's ghost (12 damage)
             ... on level 3 of the Dungeon.
             The game lasted 00:00:30 (722 turns).

Flugslaktarn the Skirmisher (Minotaur Fighter)       Turns: 722, Time: 00:00:31

Health: -3/33      AC:  9    Str: 20    XL:     3   Next: 57%
Magic:  2/2        EV:  5    Int:  5    God:
Gold:   48         SH:  9    Dex: 10    Spells: 2/2 levels left

rFire    . . .     SeeInvis .   a - +0 war axe
rCold    . . .     Gourm    .   c - +0 kite shield
rNeg     . . .     Faith    .   g - +0 chain mail
rPois    .         Spirit   .   (helmet restricted)
rElec    .         Reflect  .   (no cloak)
rCorr    .         Harm     .   (no gloves)
MR       .....                  (no boots)
Stlth    ..........             (no amulet)
HPRegen  0.11/turn              (no ring)
MPRegen  0.08/turn              (no ring)

@: no status effects
A: retaliatory headbutt, horns 2
a: no special abilities


You were on level 3 of the Dungeon.
You were not hungry.

You visited 1 branch of the dungeon, and saw 3 of its levels.

You collected 48 gold pieces.

Inventory:

Hand Weapons
 a - a +0 war axe (weapon)
Armour
 b - a +0 scale mail
 c - a +0 kite shield (worn)
 g - a +0 chain mail (worn)
   (You found it on level 1 of the Dungeon)
Jewellery
 i - a cursed ring of teleportation {unknown}
   (You found it on level 1 of the Dungeon)
Scrolls
 f - a scroll of magic mapping {unknown}
 h - 2 scrolls of identify {unknown}
Potions
 d - a potion of might
 j - 2 potions of curing {unknown}
 k - a potion of degeneration {unknown}
 m - a potion of stabbing {unknown}
Comestibles
 e - 3 rations
 l - 3 chunks of flesh


   Skills:
 + Level 4.1 Fighting
 * Level 3.5 Axes
 + Level 4.1 Armour
 + Level 4.1 Shields


You had 2 spell levels left.
You didn't know any spells.
Your spell library was empty.

Dungeon Overview and Level Annotations

Branches:
Dungeon (3/15)

Altars:

Annotations:
D:3 Flugslaktarn's ghost, amateur BaFi; ra1n577's ghost, weakling DsGl


Innate Abilities, Weirdness & Mutations

You reflexively headbutt those who attack you in melee.
You have a pair of horns on your head.


Message History

You hit Flugslaktarn's ghost.
Your headbutt misses Flugslaktarn's ghost.
Flugslaktarn's ghost is moderately damaged.
You barely miss ra1n577's ghost.
You block Flugslaktarn's ghost's attack.
Ra1n577's ghost hits you. x2
Flugslaktarn's ghost hits you but does no damage.
You slash Flugslaktarn's ghost! You headbutt Flugslaktarn's ghost!
Flugslaktarn's ghost is severely damaged.
You hit ra1n577's ghost. Flugslaktarn's ghost hits you.
Ra1n577's ghost hits you.
* * * LOW HITPOINT WARNING * * *
You are too injured to fight recklessly!
You are too injured to fight recklessly!
You are too injured to fight recklessly!
You are too injured to fight recklessly!
You are too injured to fight recklessly!
You are too injured to fight recklessly!
Flugslaktarn's ghost hits you!
You die...

### ..? #####.#
#.#.[.# .#..# ## #
#(#.#♣⌠♣[##
#.#.#....8#
#.#@#.....$
#...W.....♣
#...W.....⌠ ..
#.#.'.....♣ #.#
#.#.#.....[ #.#
#.#.#....8# #+##
#.#
#.###♣⌠♣.####...##
###<#
#.##########.....##
##.#.# #####.##.##
##.......##


You could see Flugslaktarn's ghost and ra1n577's ghost.

Vanquished Creatures
  Robin (D:2)
  2 worms (D:2)
  2 orcs (D:3)
  2 bats
  11 goblins
  3 hobgoblins
  A quokka (D:2)
  A ball python (D:1)
  A frilled lizard (D:1)
  4 kobolds
  3 rats
31 creatures vanquished.

Notes
Turn   | Place    | Note
-------+----------+-------------------------------------------
     0 | D:1      | Flugslaktarn the Minotaur Fighter began the quest for the
                  | Orb.
     0 | D:1      | Reached XP level 1. HP: 19/19 MP: 0/0
   111 | D:2      | Reached XP level 2. HP: 27/27 MP: 1/1
   344 | D:2      | Noticed Robin
   351 | D:2      | Killed Robin
   351 | D:2      | Reached XP level 3. HP: 25/33 MP: 2/2
   703 | D:3      | Found a runed translucent gate.
   703 | D:3      | Found a runed translucent gate.
   703 | D:3      | Noticed Flugslaktarn's ghost (amateur BaFi)
   704 | D:3      | Found a runed translucent gate.
   704 | D:3      | Noticed ra1n577's ghost (weakling DsGl)
   722 | D:3      | Slain by Flugslaktarn's ghost

Illustrated notes

Levels and vault maps discovered:
D:1:      dpeg_arrival_water_altar, layout_rooms
D:2:      layout_rooms, nemelex_altar_shiori, uniq_robin
D:3:      layout_loops_corners, gammafunk_ghost_cemetery, first_ration,
          kennysheep_orc_chapel

Skill      XL: |  1  2 |
---------------+-------+-----
Axes           | 3 |  3.5
Armour         | 4 |  4.1
Fighting       | 4 |  4.1
Shields        | 4 |  4.1

Action                   || total
-------------------------++-------
Melee: War axe           ||    75
       Headbutt          ||    10
Armor: Chain mail        ||    41
       Scale mail        ||     2
Dodge: Dodged            ||    23
Block: Kite shield       ||    52

Table legend:
 A = Non-vault XP
 B = Vault XP
 C = Vault XP percentage of total XP
 D = Non-vault monster count
 E = Vault monster count
 F = Vault count percentage of total count
                 A         B        C        D         E       F
            +---------+---------+-------+---------+---------+-------
      Total |      38 |      35 |  47.9 |      19 |      12 |  38.7
            +---------+---------+-------+---------+---------+-------
        D:1 |       7 |       0 |   0.0 |       5 |       0 |   0.0
        D:2 |      20 |      35 |  63.6 |       8 |      12 |  60.0
        D:3 |      11 |       0 |   0.0 |       6 |       0 |   0.0
            +---------+---------+-------+---------+---------+-------
